 Dungeon Crawl Stone Soup version 0.23.2-33-g5129a83184 (webtiles) character file.

Game seed: 2783340899686891889

224 t4s4d4r the Digger (level 6, -2/32 HPs)
             Began as a Gargoyle Earth Elementalist on July 3, 2019.
             Killed from afar by Sigmund (8 damage)
             ... with a puff of flame
             ... on level 4 of the Dungeon.
             The game lasted 00:06:26 (4199 turns).

t4s4d4r the Digger (Gargoyle Earth Elementalist)    Turns: 4199, Time: 00:06:27

Health: -2/32      AC:  8    Str: 12    XL:     6   Next: 0%
Magic:  3/10       EV: 17    Int: 17    God:
Gold:   195        SH:  0    Dex: 15    Spells: 7/11 levels left

rFire    . . .     SeeInvis +   i - +0 short sword
rCold    . . .     Gourm    .   (no shield)
rNeg     + . .     Faith    .   c - +0 robe
rPois    ∞         Spirit   .   v - +0 helmet
rElec    +         Reflect  .   u - +0 cloak (curse)
rCorr    .         Harm     .   (no gloves)
MR       .....                  e - -1 pair of boots (curse)
Stlth    +++.......             (no amulet)
HPRegen  0.10/turn              l - ring of see invisible
MPRegen  0.12/turn              (no ring)

@: agile
A: negative energy resistance 1, electricity resistance, unbreathing,
petrification resistance, rot immunity, AC +4
a: no special abilities


You were on level 4 of the Dungeon.
You were not hungry.

You visited 1 branch of the dungeon, and saw 4 of its levels.

You collected 195 gold pieces.

Inventory:

Hand Weapons
 i - a +0 short sword (weapon)
 r - a +0 mace
Missiles
 b - 77 stones (quivered)
Armour
 c - a +0 robe (worn)
 e - a cursed -1 pair of boots (worn)
 u - a cursed +0 cloak (worn)
 v - a +0 helmet (worn)
Jewellery
 k - an uncursed ring of fire
 l - a ring of see invisible (left hand)
Wands
 h - a wand of polymorph (8)
Scrolls
 g - a scroll of noise {unknown}
 n - a scroll of teleportation
 q - a scroll of random uselessness {unknown}
 s - a scroll of magic mapping {unknown}
 t - 3 scrolls of enchant weapon {unknown}
 w - a scroll of enchant armour {unknown}
 y - a scroll of identify
 A - a scroll of blinking {unknown}
Potions
 f - a potion of might {unknown}
 j - 3 potions of brilliance
 m - a potion of invisibility {unknown}
 o - a potion of flight
 p - a potion of lignification
 x - a potion of haste {unknown}
Comestibles
 d - 11 rations


   Skills:
 - Level 1.5 Dodging
 - Level 2.1 Stealth
 - Level 3.0 Spellcasting
 + Level 2.5 Conjurations
   Level 0.7 Transmutations
 * Level 6.4 Earth Magic


You had 7 spell levels left.
You knew the following spells:

 Your Spells              Type           Power        Failure   Level  Hunger
a - Sandblast             Erth           ###...       1%          1    None
b - Stone Arrow           Conj/Erth      ###...       9%          3    ###....

Your spell library contained the following spells:

 Spells                   Type           Power        Failure   Level  Hunger
 Passwall                 Tmut/Erth      ##......     6%          2    ##.....
 Lee's Rapid Deconstruct  Erth           ###.......   34%         5    ######.
 Petrify                  Tmut/Erth      ##......     36%         4    ####...


Dungeon Overview and Level Annotations

Branches:
Dungeon (4/15)
 Temple: D:4-7

Altars:
Ashenzari
Okawaru
Qazlal

Annotations:
D:4 Sigmund


Innate Abilities, Weirdness & Mutations

You are resistant to torment.
Your stone body is resilient. (AC +4)
You are immune to poison.
You resist negative energy. (rN+)
You are resistant to electric shocks. (rElec)
You can survive without breathing.
You are immune to petrification.
You are immune to rotting.


Message History

Casting: Sandblast (safe; 1% risk of failure)
Confirm with . or Enter, or press ? or * to list all spells.
Aiming: Sandblast (safe; 1% risk of failure)
Press: ? - help, Shift-Dir - straight line, f - Sigmund
Aim: Sigmund, wielding a +0 scythe and wearing a +0 robe The blast of sand hits Sigmund.
Sigmund is lightly wounded.
b - 78 stones Sigmund completely misses you.
Casting: Sandblast (safe; 1% risk of failure)
Confirm with . or Enter, or press ? or * to list all spells.
Aiming: Sandblast (safe; 1% risk of failure)
Press: ? - help, Shift-Dir - straight line, f/p - Sigmund
Aim: Sigmund, wielding a +0 scythe and wearing a +0 robe (lightly wounded)
The blast of sand hits Sigmund!
Sigmund is moderately wounded.
b - 77 stones Sigmund points at you and mumbles some strange words.
The puff of flame hits you!
You die...

#########..........#
...................>
######.############
#.#.........#
#.#.#######.#
##########'#.).....#.#
#.....((....#####.##.#
##......(....)o@...##.#
....(.(......###@#.##.#
.(############ #.#.##.#
..# #.#..#.# ..#
#####.##.#.# ..'
#........#.# o.#.
#.###.####.# ..#.#
####..#.......#### ###
@ ..##..#..........# ##
#.###.#.########.#


You could see Sigmund and an orc.

Vanquished Creatures
  9 adders
  4 gnolls (D:3)
  An ooze (D:1)
  4 worms (D:3)
  2 dart slugs
  3 leopard geckos
  2 orcs (D:4)
  3 ball pythons
  9 giant cockroaches
  7 goblins
  8 hobgoblins
  2 jackals (D:3)
  8 kobolds
  3 quokkas
  4 bats
  A frilled lizard (D:1)
  14 rats
84 creatures vanquished.

Notes
Turn   | Place    | Note
-------+----------+-------------------------------------------
     0 | D:1      | t4s4d4r the Gargoyle Earth Elementalist began the quest for
                  | the Orb.
     0 | D:1      | Reached XP level 1. HP: 10/10 MP: 3/3
   112 | D:1      | Reached XP level 2. HP: 14/15 MP: 3/5
   779 | D:1      | You fall through a shaft!
   787 | D:2      | Reached skill level 4 in Earth Magic
   787 | D:2      | Reached XP level 3. HP: 12/19 MP: 3/7
  1561 | D:1      | Learned a level 3 spell: Stone Arrow
  1883 | D:1      | Reached XP level 4. HP: 23/24 MP: 8/8
  2416 | D:2      | Reached skill level 5 in Earth Magic
  2726 | D:2      | Reached skill level 1 in Conjurations
  2867 | D:3      | Found a shattered altar of Ashenzari.
  3012 | D:3      | Reached XP level 5. HP: 28/28 MP: 5/9
  3169 | D:3      | Found an iron altar of Okawaru.
  3266 | D:3      | Reached skill level 6 in Earth Magic
  3487 | D:3      | Found a stormy altar of Qazlal.
  4133 | D:4      | Noticed Sigmund
  4192 | D:4      | Reached XP level 6. HP: 19/32 MP: 4/10
  4199 | D:4      | Killed from afar by Sigmund

Skill      XL: |  1  2  3  4  5 |
---------------+----------------+-----
Spellcasting   | 3 |  3.0
Earth Magic    | 4 5 6 |  6.4
Conjurations   | 1 2 |  2.5
Dodging        | |  1.5
Stealth        | |  2.1
Transmutations | |  0.7

Action                   |  1- 3 |  4- 6 || total
-------------------------+-------+-------++-------
Melee: Dagger            |    15 |       ||    15
       Short sword       |   133 |   151 ||   284
 Cast: Sandblast         |    10 |    43 ||    53
  Use: Scroll            |       |     4 ||     4
       Potion            |       |     1 ||     1
 Stab: Sleeping          |     5 |     3 ||     8
       Distracted        |     1 |       ||     1
  Eat: Chunk             |     3 |     8 ||    11
Armor: Robe              |    65 |    57 ||   122
Dodge: Dodged            |   108 |   132 ||   240
